 Seeded DCSS version 0.30.1-9-gdf580d7c3d (webtiles) character file.

Game seed: 12433357809668474594 (custom seed)

23 Psyclone the Conjurer (level 2, 15/15 HPs)
             Began as a Deep Elf Conjurer on Oct 2, 2023.
             Quit the game on level 1 of the Dungeon.
             The game lasted 00:01:40 (595 turns).

Psyclone the Conjurer (Deep Elf Conjurer)            Turns: 595, Time: 00:01:40

Health: 15/15      AC:  5    Str:  4    XL:     2   Next: 72%
Magic:  8/8        EV: 12    Int: 22    God:
Gold:   8          SH:  0    Dex: 13    Spells: 7/8 levels left

rFire   . . .        (no weapon)
rCold   . . .        (no shield)
rNeg    . . .        a - +0 robe
rPois   .            (no helmet)
rElec   .            (no cloak)
rCorr   .            f - +2 pair of gloves
SInv    .            (no boots)
Will    .....        (no amulet)
Stlth   ++           (no ring)
HPRegen 0.22/turn    (no ring)
MPRegen 0.11/turn

%: no passive effects
@: no status effects
A: no striking features
a: no special abilities


You were on level 1 of the Dungeon.
You visited 1 branch of the dungeon, and saw 1 of its levels.

You collected 8 gold pieces.

Inventory:

Armour
 a - a +0 robe (worn)
 f - a +2 pair of gloves (worn)
Scrolls
 c - a scroll of acquirement
 d - a scroll of identify {unknown}
Potions
 b - a potion of magic
 e - a potion of ambrosia {unknown}


   Skills:
 - Level 2.4 Dodging
 - Level 2.4 Stealth
 + Level 3.5 Spellcasting
 * Level 5.0 Conjurations


You had 7 spell levels left.
You knew the following spells:

 Your Spells              Type           Power      Damage    Failure   Level
a - Magic Dart            Conj           100%       1d8       1%          1

Your spell library contained the following spells:

 Spells                   Type           Power      Damage    Failure   Level
 Searing Ray              Conj           52%        2d6       2%          2
 Kiss of Death            Conj/Necr      60%        2d10      4%          1
 Dazzling Flash           Conj/Hex       30%        N/A       12%         3
 Confusing Touch          Hex            3%         N/A       34%         3
 Fulminant Prism          Conj/Hex       7%         3d7       38%         4
 Iskenderun's Mystic Bla  Conj/Tloc      15%        2d5       38%         4
 Dispel Undead            Necr           3%         3d7       75%         4


Dungeon Overview and Level Annotations

Branches:
Dungeon (1/15) Zot: 5405

Altars:


Message History

Confirm with . or Enter, or press ? or * to list all spells.
Aiming: Magic Dart (safe; 1% risk of failure)
Press: ? - help, Shift-Dir - straight line, f - rat
Aim: a rat (asleep, 100% to hit)
The magic dart hits the rat.
You kill the rat!
You now have 7/8 mp.
A goblin comes into view. It is wielding a +0 dagger.
MP restored: 8
Casting: Magic Dart (safe; 1% risk of failure)
Confirm with . or Enter, or press ? or * to list all spells.
Aiming: Magic Dart (safe; 1% risk of failure)
Press: ? - help, Shift-Dir - straight line, f - goblin
Aim: a goblin, wielding a +0 dagger (asleep, 100% to hit)
The magic dart hits the goblin.
You kill the goblin!
You now have 7/8 mp.
Found a leather armour.
MP restored: 8 You pick up a book of Touch and begin reading...
You add the spells Kiss of Death, Confusing Touch and Dispel Undead to your library.
You open the door.
Found a stone staircase leading down.
A bat comes into view.
There is an open door here.
Casting: Magic Dart (safe; 1% risk of failure)
Confirm with . or Enter, or press ? or * to list all spells.
Aiming: Magic Dart (safe; 1% risk of failure)
Press: ? - help, Shift-Dir - straight line, f - bat
Aim: a bat (asleep, 100% to hit)
The magic dart hits the bat.
You kill the bat!
You now have 7/8 mp.
There is a stone staircase leading down here.
c - 2 scrolls of acquirement (gained 1)
Found a dagger.
MP restored: 8 Something appears at your feet!
Unknown command.
Are you sure you want to abandon this character and quit the game? (Confirm with "yes".)

#.....# #..##..##...# #.....#
###..##..#### #.##.##
#..##..### #.##.###
..##.<##..# #.##...######
#..##..##..# #.#......)..#
###..##..### #.#.........#
###..##..###
#.#.........#####..##..##..#
#.#.........@......##..##..##
#.#.........####.............
#.#.........# #############.
########### #... #... #...
#... #... #...


There were no monsters in sight!

Vanquished Creatures
  A dart slug (D:1)
  An endoplasm (D:1)
  2 giant cockroaches (D:1)
  A goblin (D:1)
  4 jackals (D:1)
  3 quokkas (D:1)
  2 ball pythons (D:1)
  A bat (D:1)
  A frilled lizard (D:1)
  2 rats (D:1)
18 creatures vanquished.

Notes
Turn   | Place    | Note
-------+----------+-------------------------------------------
     0 | D:1      | Psyclone the Deep Elf Conjurer began the quest for the Orb.
     0 | D:1      | Reached XP level 1. HP: 10/10 MP: 6/6
    99 | D:1      | Identified a scroll of acquirement
   152 | D:1      | Reached XP level 2. HP: 15/15 MP: 1/8
   360 | D:1      | Reached skill level 5 in Conjurations
   594 | D:1      | Acquired 469 gold pieces
   595 | D:1      | Quit the game

Illustrated notes

Levels and vault maps discovered:
D:1:      lightli_iron_boxes, layout_basic, grunt_decor_clamped,
          nicolae_wormholes

Skill      XL: |  1  2 |
---------------+-------+-----
Conjurations   | 5 |  5.0
Dodging        | |  2.4
Stealth        | |  2.4
Spellcasting   | |  3.5

Action                     || total
---------------------------++-------
  Melee: Unarmed           ||     5
   Cast: Magic Dart        ||    32
    Use: Scroll            ||     3
 Armour: Robe              ||     4
  Dodge: Dodged            ||     4
